 Dungeon Crawl Stone Soup version 0.32-a0-834-geaf45d8e21 (webtiles) character file.

Game seed: 6179847222209572747

294 smashvw the Thaumaturge (level 6, -2/47 HPs)
             Began as a Gnoll Wanderer on Mar 25, 2024.
             Was an Initiate of Ashenzari.
             Succumbed to a scorpion's poison
             ... on level 4 of the Dungeon.
             The game lasted 00:06:37 (2386 turns).

smashvw the Thaumaturge (Gnoll Wanderer)            Turns: 2386, Time: 00:06:38

Health: -2/47      AC: 10    Str:  9 (11) XL:     6   Next: 34%
Magic:  18/18      EV:  9    Int: 10 (11) God:    Ashenzari [......]
Gold:   107        SH:  0    Dex: 12 (14) Spells: 23/24 levels left

rFire   . . .        a - +2 quarterstaff
rCold   + . .        (shield currently unavailable)
rNeg    . . .        s - +2 ring mail {rC+}
rPois   .            i - +1 helmet "At What Cost Knowledge?" {Cun, Melee} (curse)
rElec   .            (no cloak)
rCorr   .            (no gloves)
SInv    .            (no boots)
Will    .....        (no amulet)
Stlth   +            (no ring)
HPRegen 0.27/turn    (no ring)
MPRegen 0.16/turn

%: no passive effects
@: lethally poisoned (-2 -> -17), on fire, glowing
A: fangs 1, strong nose, distributed training
a: Renounce Religion, Shatter the Chains


You were on level 4 of the Dungeon.
You worshipped Ashenzari.
Ashenzari was noncommittal.
You visited 1 branch of the dungeon, and saw 4 of its levels.

You collected 107 gold pieces.

Inventory:

Hand Weapons
 a - a +2 quarterstaff (weapon)
Missiles
 n - 16 poisoned darts
Armour
 i - the cursed +1 helmet "At What Cost Knowledge?" (worn) {Cun, Melee}
   (You found it on level 2 of the Dungeon)

   It has a curse which improves the following skills: Cunning: Dodging and
   Stealth.
   Melee Combat: Short Blades, Long Blades, Axes, Maces & Flails, Polearms,
   Staves and Unarmed Combat.
 s - a +2 ring mail of cold resistance (worn)
Wands
 p - a wand of paralysis (19)
Scrolls
 c - a scroll of blinking
 e - 4 scrolls of teleportation {unknown}
 f - 2 scrolls of enchant weapon {unknown}
 g - a scroll of summoning {unknown}
 h - 2 scrolls of amnesia {unknown}
 m - 2 scrolls of noise {unknown}
 o - a scroll of revelation {unknown}
 q - 4 scrolls of identify {unknown}
Potions
 b - a potion of heal wounds {unknown}
 d - a potion of magic {unknown}
 j - a potion of curing {unknown}
 k - a potion of lignification {unknown}
 l - a potion of degeneration
 r - a potion of cancellation {unknown}
 t - a potion of berserk rage {unknown}


   Skills:
 + Level 3.2 Fighting
 + Level 2.0(2.3) Short Blades
 + Level 2.0(2.3) Long Blades
 + Level 2.0(2.3) Axes
 + Level 2.0(2.3) Maces & Flails
 + Level 2.0(2.3) Polearms
 + Level 5.0(5.4) Staves
 + Level 2.0 Ranged Weapons
 + Level 2.0 Throwing
 + Level 6.8 Armour
 + Level 2.0(2.3) Dodging
 + Level 2.0(2.3) Stealth
 + Level 2.0 Shields
 + Level 2.0(2.3) Unarmed Combat
 + Level 9.5 Spellcasting
 + Level 1.5 Conjurations
 + Level 1.5 Hexes
 + Level 1.5 Summonings
 + Level 1.5 Necromancy
 + Level 1.5 Translocations
 + Level 1.5 Fire Magic
 + Level 1.5 Ice Magic
 + Level 1.5 Air Magic
 + Level 1.5 Earth Magic
 + Level 1.5 Alchemy
 + Level 2.2 Invocations
 + Level 2.0 Evocations
 + Level 1.8 Shapeshifting


You had 23 spell levels left.
You knew the following spells:

 Your Spells              Type           Power      Damage    Failure   Level
a - Slow                  Hex            28%        N/A       19%         1

Your spell library contained the following spells:

 Spells                   Type           Power      Damage    Failure   Level
 Sandblast                Erth           14%        2d6       19%         1
 Dazzling Flash           Conj/Hex       14%        N/A       50%         3
 Stone Arrow              Conj/Erth      14%        3d7       50%         3
 Brom's Barrelling Bould  Conj/Erth      7%         2d3       88%         4


Dungeon Overview and Level Annotations

Branches:
Dungeon (4/15)
 Temple: D:4-7

Altars:
Ashenzari
Dithmenos
Fedhas
Yredelemnul

Shops:
D:1 !::[?


Innate Abilities, Weirdness & Mutations

You have very sharp teeth.
Your uncanny sense of smell can sniff out nearby items.
Your experience applies equally to all skills.


Message History

You completely miss the scorpion.
You bite the scorpion, but do no damage.
The scorpion is moderately wounded.
You feel very sick. The scorpion closely misses you. The scorpion stings you.
You sock the scorpion! You bite the scorpion.
The scorpion is severely wounded.
You feel sick.
The scorpion stings you but does no damage.
The bombardier beetle sprays incendiary fluid at you.
The burning spray hits you.
You are covered in liquid fire!
You barely miss the scorpion.
The scorpion is severely wounded.
The liquid fire burns you!
You feel sick. The scorpion stings you.
You are more poisoned.
The scorpion poisons you!
You closely miss the scorpion.
The scorpion is severely wounded.
The liquid fire burns you!
You feel very sick. The scorpion closely misses you.
The bombardier beetle bites you but does no damage.
You hit the scorpion.
The scorpion is almost dead.
The liquid fire burns you!
* * * LOW HITPOINT WARNING * * *
x2 You feel very sick.
The scorpion stings you but does no damage.
The bombardier beetle bites you.
* * * LOW HITPOINT WARNING * * *
The scorpion stings you.
* * * LOW HITPOINT WARNING * * *
You are more poisoned.
The scorpion poisons you!
It was a potion of degeneration.
There was something very wrong with that liquid.
You feel weakened.
You feel dopey.
You feel clumsy. The liquid fire burns you!
* * * LOW HITPOINT WARNING * * *
You die...

....######.....##..)##....##.....
....#.........>##...##....#......
....#...............#.....#......
....#...............#.....#......
....#...............#.....#......
....####################..###....
####... ......!........#..### ...
.......B.......#....#
...........s@......#....#
............?....#†...####
.......$.......#.......#
+#.............#...#+#.#
+.............#...'_'.#
#.............###'#+###
#...................#
##..#.#.#..........##
#....?.#..........#


You could see a scorpion and a bombardier beetle.

Vanquished Creatures
  Blork the orc (D:4)
  2 hounds
  Terence (D:3)
  An orc wizard (D:2)
  Robin (D:3)
  3 adders
  A ribbon worm (D:3)
  3 dart slugs
  8 orcs
  3 endoplasms
  3 giant cockroaches
  12 goblins
  5 hobgoblins
  2 jackals (D:2)
  3 quokkas (D:3)
  4 ball pythons
  2 bats
  4 frilled lizards
  10 kobolds
  A rat (D:1)
70 creatures vanquished.

Notes
Turn   | Place    | Note
-------+----------+-------------------------------------------
     0 | D:1      | Reached skill level 9 in Spellcasting
     0 | D:1      | smashvw the Gnoll Wanderer began the quest for the Orb.
     0 | D:1      | smashvw set off with the following items: a +2
                  | quarterstaff, a +0 scale mail, a scroll of blinking; and
                  | the following spell memorised: Slow; and the following
                  | spells available to memorise: Dazzling Flash.
     0 | D:1      | Reached XP level 1. HP: 17/17 MP: 10/10
    31 | D:1      | Found Viriteut's Book Emporium.
   181 | D:1      | Found Qyptefryp's Magic Scroll Emporium.
   274 | D:1      | Found Remmyra's Book Shoppe.
   441 | D:1      | Found Errilop's Armour Shoppe.
   640 | D:1      | Reached XP level 2. HP: 23/23 MP: 12/12
   649 | D:1      | Found Wowuj's Distillery.
   873 | D:2      | Reached skill level 1 in Invocations
   873 | D:2      | Reached XP level 3. HP: 28/28 MP: 13/13
   883 | D:2      | Reached skill level 1 in Short Blades
   883 | D:2      | Reached skill level 1 in Long Blades
   883 | D:2      | Reached skill level 1 in Axes
   883 | D:2      | Reached skill level 1 in Maces & Flails
   883 | D:2      | Reached skill level 1 in Polearms
   883 | D:2      | Reached skill level 1 in Ranged Weapons
   883 | D:2      | Reached skill level 1 in Throwing
   883 | D:2      | Reached skill level 1 in Dodging
   883 | D:2      | Reached skill level 1 in Stealth
   883 | D:2      | Reached skill level 1 in Shields
   883 | D:2      | Reached skill level 1 in Unarmed Combat
   883 | D:2      | Reached skill level 1 in Evocations
   949 | D:2      | Found a blossoming altar of Fedhas.
   967 | D:2      | Reached skill level 1 in Shapeshifting
   967 | D:2      | Reached XP level 4. HP: 32/34 MP: 15/15
  1454 | D:3      | Reached skill level 1 in Conjurations
  1454 | D:3      | Reached skill level 1 in Hexes
  1454 | D:3      | Reached skill level 1 in Summonings
  1454 | D:3      | Reached skill level 1 in Necromancy
  1454 | D:3      | Reached skill level 1 in Translocations
  1454 | D:3      | Reached skill level 1 in Fire Magic
  1454 | D:3      | Reached skill level 1 in Ice Magic
  1454 | D:3      | Reached skill level 1 in Air Magic
  1454 | D:3      | Reached skill level 1 in Earth Magic
  1454 | D:3      | Reached skill level 1 in Alchemy
  1484 | D:3      | Found a broken altar of Ashenzari.
  1490 | D:3      | Noticed Terence
  1501 | D:3      | Killed Terence
  1502 | D:3      | Reached XP level 5. HP: 35/41 MP: 16/16
  1531 | D:3      | Became a worshipper of Ashenzari the Shackled
  1909 | D:3      | Noticed Robin
  1918 | D:3      | Killed Robin
  2033 | D:3      | Found a faded altar of an unknown god.
  2048 | D:3      | Found a basalt altar of Yredelemnul.
  2135 | D:4      | Reached XP level 6. HP: 47/47 MP: 16/18
  2276 | D:4      | Noticed Blork the orc
  2284 | D:4      | Killed Blork the orc
  2285 | D:4      | Reached skill level 5 in Staves
  2357 | D:4      | Found a shadowy altar of Dithmenos.
  2386 | D:4      | HP: 2/47 [burnt (4)]
  2386 | D:4      | Succumbed to a scorpion's poison

Illustrated notes

Levels and vault maps discovered:
D:1:      lightli_arrival_lavapool, layout_basic, serial_shops,
          nicolae_shop_back_alley_shop, nicolae_book_shop_shelving, shop, shop,
          nicolae_shop_pleasant_corner_grove
D:2:      layout_basic, basic_altar
D:3:      layout_basic, nicolae_overflow_ecumenical_swirl,
          cheibrodos_ashenzari_chains, minmay_misc_feat_five, minmay_pentangle,
          uniq_robin, uniq_terence
D:4:      layout_gridville, kennysheep_mini, glass_columns_a, uniq_sigmund,
          uniq_blork_the_orc, uniq_ijyb

Skill      XL: |  1  2  3  4  5  6 |
---------------+-------------------+-----
Spellcasting   | |  9.5
Invocations    | 1 2 |  2.2
Short Blades   | 1 2 |  2.0
Long Blades    | 1 2 |  2.0
Axes           | 1 2 |  2.0
Maces & Flails | 1 2 |  2.0
Polearms       | 1 2 |  2.0
Ranged Weapons | 1 2 |  2.0
Throwing       | 1 2 |  2.0
Dodging        | 1 2 |  2.0
Stealth        | 1 2 |  2.0
Shields        | 1 2 |  2.0
Unarmed Combat | 1 2 |  2.0
Evocations     | 1 2 |  2.0
Shapeshifting  | 1 |  1.8
Conjurations   | 1 |  1.5
Hexes          | 1 |  1.5
Summonings     | 1 |  1.5
Necromancy     | 1 |  1.5
Translocations | 1 |  1.5
Fire Magic     | 1 |  1.5
Ice Magic      | 1 |  1.5
Air Magic      | 1 |  1.5
Earth Magic    | 1 |  1.5
Alchemy        | 1 |  1.5
Fighting       | 3 |  3.2
Staves         | 5 |  5.0
Armour         | |  6.8

Action                     |  1- 3 |  4- 6 || total
---------------------------+-------+-------++-------
  Melee: Quarterstaff      |    46 |   131 ||   177
         Bite              |     3 |    15 ||    18
 Invoke: Curse Item        |       |     1 ||     1
    Use: Potion            |       |     1 ||     1
   Stab: Sleeping          |       |     1 ||     1
 Armour: Scale mail        |     9 |       ||     9
         Chain mail        |    49 |    57 ||   106
         Ring mail         |       |    54 ||    54
  Dodge: Dodged            |    13 |    58 ||    71

Table legend: (Time is in decaauts)
 A = Elapsed time spent in this place.
 B = Non-inter-level travel time spent in this place.
 C = Inter-level travel time spent in this place.
 D = Time resting spent in this place.
 E = Time spent auto-exploring this place.
 F = Levels seen in this place.
 G = Mean time per level.
                   A        B        C        D        E       F      G
               +--------+--------+--------+--------+--------+-----+--------+
         Total |   2397 |   2303 |     94 |      0 |   1825 |   4 |  599.2 |
       Dungeon |   2397 |   2303 |     94 |      0 |   1825 |   4 |  599.2 |
               +--------+--------+--------+--------+--------+-----+--------+

Top non-repeatable levels by time:
     D:1: 818 daAuts
     D:3: 803 daAuts
     D:2: 519 daAuts
     D:4: 255 daAuts
